[ PARTIDA AOE2 · #506601840 ]
UnrankedJaponeses vs Mongols
Equipo del jugador · VICT
Equipo rival · DERR
[ ANÁLISIS DE REPETICIÓN · EXTRAÍDO DE LA PARTIDA GRABADA ]
Feudal
8:27
Castillos
26:46
Imperial
42:59
| APM promedio | 53.0 |
| APM pico | 105 |
| eAPM promedio | 23.2 |
| Aldeanos / militares | 160 / 104 |
Foco
⚔️ 31.6% · 🌾 68.4%
Cavalry Archer ×59 · Knight ×11 · Skirmisher ×11 · Samurai ×10 · Militia ×9 · Battering Ram ×4
Feudal
8:20
Castillos
23:35
Imperial
—
| APM promedio | 57.9 |
| APM pico | 98 |
| eAPM promedio | 23.5 |
| Aldeanos / militares | 106 / 46 |
Foco
⚔️ 21.9% · 🌾 78.1%
Mangudai ×31 · Archer ×9 · Mangonel ×4 · Monk ×1 · Battering Ram ×1
Mapa de la partida
Recursos iniciales + cada clic de construcción. Líneas = muros · curvas = relieve. ◆ oro · ⬟ piedra · ● bayas · ✦ reliquia · ◌ hueco del cierre
Tu base· ✓ Cerrada en 26:46 · 25t muro · frágil
Base de 游戏而已· ✓ Cerrada en 23:35 · 41t muro · frágil
Terreno inicial suavizado · ◌ = hueco del cierre detectado · pasá el cursor para detalles
Inputs por minuto
— 新竹 - - 游戏而已
Build order — 新竹
Primeras 150 de 417 acciones detectadas
| 0:00 | Crear | Villager (Male) |
| 0:00 | Crear | Villager (Male) |
| 0:01 | Crear | Villager (Male) |
| 0:04 | Construir | House |
| 0:05 | Construir | House |
| 0:19 | Crear | Villager (Male) |
| 0:19 | Crear | Villager (Male) |
| 1:27 | Crear | Villager (Male) |
| 1:59 | Crear | Villager (Male) |
| 1:59 | Crear | Villager (Male) |
| 2:17 | Crear | Villager (Male) |
| 2:17 | Crear | Villager (Male) |
| 2:17 | Crear | Villager (Male) |
| 2:22 | Construir | Lumber Camp |
| 2:38 | Construir | House |
| 2:46 | Crear | Villager (Male) |
| 2:46 | Crear | Villager (Male) |
| 3:09 | Crear | Villager (Male) |
| 3:10 | Crear | Villager (Male) |
| 3:10 | Crear | Villager (Male) |
| 3:10 | Crear | Villager (Male) |
| 3:55 | Crear | Villager (Male) |
| 3:55 | Crear | Villager (Male) |
| 3:55 | Crear | Villager (Male) |
| 4:27 | Crear | Villager (Male) |
| 4:28 | Crear | Villager (Male) |
| 5:12 | Construir | Mining Camp |
| 5:18 | Crear | Villager (Male) |
| 5:36 | Investigar | Loom |
| 5:36 | Investigar | Loom |
| 5:54 | Construir | Palisade Wall |
| 6:17 | Investigar | Feudal Age |
| 6:49 | Construir | Mill |
| 7:06 | Construir | House |
| 7:32 | Construir | Barracks |
| 8:02 | Crear | Villager (Male) |
| 8:11 | Crear | Militia ×3 |
| 8:27 | Edad | Edad Feudal |
| 8:40 | Construir | Palisade Wall |
| 8:49 | Construir | Palisade Wall |
| 8:52 | Construir | Palisade Wall |
| 8:54 | Construir | Palisade Wall |
| 9:00 | Construir | House |
| 9:16 | Construir | Palisade Wall |
| 9:20 | Investigar | Man-at-Arms (upgrade) |
| 9:21 | Crear | Villager (Male) |
| 9:21 | Crear | Villager (Male) |
| 9:24 | Crear | Villager (Male) |
| 9:31 | Construir | Palisade Wall |
| 9:34 | Crear | Villager (Male) |
| 9:34 | Crear | Villager (Male) |
| 9:37 | Construir | Farm |
| 9:47 | Construir | Palisade Wall |
| 10:15 | Construir | Watch Tower |
| 10:19 | Crear | Militia |
| 10:30 | Construir | Mining Camp |
| 10:56 | Crear | Villager (Male) |
| 10:56 | Crear | Villager (Male) |
| 10:56 | Crear | Villager (Male) |
| 11:07 | Construir | House |
| 11:26 | Construir | Palisade Wall |
| 11:27 | Construir | Palisade Wall |
| 11:28 | Construir | Palisade Wall |
| 11:31 | Crear | Villager (Male) |
| 11:31 | Crear | Villager (Male) |
| 11:32 | Crear | Villager (Male) |
| 11:32 | Crear | Villager (Male) |
| 11:34 | Construir | House |
| 11:37 | Construir | House |
| 12:14 | Construir | Watch Tower |
| 12:20 | Crear | Villager (Male) |
| 12:20 | Crear | Villager (Male) |
| 12:20 | Crear | Villager (Male) |
| 12:20 | Crear | Villager (Male) |
| 12:21 | Crear | Villager (Male) |
| 12:22 | Crear | Villager (Male) |
| 12:28 | Construir | Mill |
| 12:36 | Construir | House |
| 12:37 | Construir | Palisade Wall |
| 12:56 | Crear | Villager (Male) |
| 12:56 | Crear | Villager (Male) |
| 13:22 | Crear | Villager (Male) |
| 13:28 | Construir | Watch Tower |
| 14:17 | Construir | House |
| 14:23 | Construir | Blacksmith |
| 14:33 | Investigar | Double-Bit Axe |
| 14:34 | Investigar | Double-Bit Axe |
| 14:34 | Investigar | Double-Bit Axe |
| 14:35 | Crear | Villager (Male) |
| 14:35 | Crear | Villager (Male) |
| 14:35 | Crear | Villager (Male) |
| 15:05 | Construir | Lumber Camp |
| 15:09 | Crear | Villager (Male) |
| 15:17 | Construir | Farm |
| 15:18 | Construir | Farm |
| 15:22 | Construir | House |
| 15:29 | Crear | Villager (Male) |
| 15:29 | Crear | Villager (Male) |
| 15:29 | Crear | Villager (Male) |
| 15:50 | Construir | Watch Tower |
| 15:54 | Construir | Farm |
| 15:55 | Crear | Villager (Male) |
| 15:55 | Crear | Villager (Male) |
| 15:55 | Crear | Villager (Male) |
| 16:05 | Construir | Farm |
| 16:15 | Crear | Villager (Male) |
| 16:15 | Crear | Villager (Male) |
| 16:27 | Construir | Farm |
| 16:28 | Construir | Farm |
| 16:46 | Investigar | Horse Collar |
| 16:46 | Investigar | Horse Collar |
| 16:47 | Crear | Villager (Male) |
| 16:47 | Crear | Villager (Male) |
| 16:47 | Crear | Villager (Male) |
| 17:00 | Construir | Watch Tower |
| 17:07 | Crear | Villager (Male) |
| 17:07 | Crear | Villager (Male) |
| 17:08 | Crear | Villager (Male) |
| 17:08 | Crear | Villager (Male) |
| 17:11 | Construir | Farm |
| 17:16 | Crear | Villager (Male) |
| 17:24 | Construir | Archery Range |
| 17:51 | Construir | Farm |
| 17:53 | Crear | Villager (Male) |
| 17:56 | Construir | Palisade Wall |
| 18:00 | Crear | Skirmisher |
| 18:00 | Crear | Skirmisher |
| 18:05 | Crear | Skirmisher |
| 18:05 | Crear | Skirmisher |
| 18:31 | Construir | Watch Tower |
| 18:34 | Crear | Villager (Male) |
| 18:34 | Crear | Villager (Male) |
| 18:34 | Crear | Villager (Male) |
| 18:39 | Construir | Farm |
| 18:40 | Crear | Villager (Male) |
| 18:49 | Construir | Farm |
| 18:49 | Construir | Farm |
| 18:59 | Crear | Skirmisher |
| 18:59 | Crear | Skirmisher |
| 19:04 | Construir | Farm |
| 19:14 | Crear | Villager (Male) |
| 19:34 | Construir | Watch Tower |
| 19:46 | Crear | Villager (Male) |
| 19:51 | Construir | Farm |
| 20:00 | Crear | Skirmisher |
| 20:00 | Crear | Skirmisher |
| 20:00 | Crear | Skirmisher |
| 20:00 | Crear | Skirmisher |
| 20:01 | Crear | Skirmisher |
| 20:02 | Crear | Villager (Male) |
Build order — 游戏而已
Primeras 150 de 310 acciones detectadas
| 0:00 | Crear | Villager (Male) |
| 0:01 | Crear | Villager (Male) |
| 0:01 | Crear | Villager (Male) |
| 0:01 | Crear | Villager (Male) |
| 0:02 | Construir | House |
| 0:03 | Construir | House |
| 1:29 | Construir | Lumber Camp |
| 1:40 | Crear | Villager (Male) |
| 2:02 | Crear | Villager (Male) |
| 2:16 | Construir | House |
| 2:25 | Crear | Villager (Male) |
| 3:05 | Crear | Villager (Male) |
| 3:24 | Crear | Villager (Male) |
| 3:46 | Construir | Mill |
| 4:00 | Crear | Villager (Male) |
| 4:14 | Crear | Villager (Male) |
| 4:45 | Crear | Villager (Male) |
| 5:04 | Crear | Villager (Male) |
| 5:05 | Investigar | Loom |
| 6:10 | Investigar | Feudal Age |
| 6:23 | Construir | House |
| 6:26 | Construir | Palisade Wall |
| 6:28 | Construir | Palisade Wall |
| 7:02 | Construir | Barracks |
| 7:39 | Crear | Villager (Male) |
| 7:53 | Construir | Palisade Wall |
| 7:54 | Construir | Palisade Wall |
| 7:56 | Construir | Palisade Wall |
| 8:03 | Construir | Palisade Wall |
| 8:07 | Construir | House |
| 8:11 | Crear | Villager (Male) |
| 8:20 | Edad | Edad Feudal |
| 8:26 | Investigar | Double-Bit Axe |
| 8:52 | Construir | Watch Tower |
| 8:54 | Construir | House |
| 8:55 | Construir | Palisade Wall |
| 8:58 | Crear | Villager (Male) |
| 9:12 | Construir | Palisade Wall |
| 9:13 | Construir | Palisade Wall |
| 9:16 | Construir | Palisade Wall |
| 9:16 | Construir | Palisade Wall |
| 9:25 | Crear | Villager (Male) |
| 9:28 | Construir | Mining Camp |
| 9:46 | Crear | Villager (Male) |
| 10:11 | Construir | Palisade Wall |
| 10:13 | Construir | Palisade Wall |
| 10:16 | Crear | Villager (Male) |
| 10:24 | Construir | Archery Range |
| 10:26 | Construir | House |
| 10:37 | Crear | Villager (Male) |
| 11:03 | Crear | Villager (Male) |
| 11:12 | Crear | Archer |
| 11:27 | Crear | Villager (Male) |
| 11:35 | Construir | Blacksmith |
| 11:37 | Crear | Archer |
| 11:46 | Crear | Villager (Male) |
| 12:14 | Crear | Archer |
| 12:22 | Crear | Villager (Male) |
| 12:34 | Construir | House |
| 12:36 | Construir | House |
| 12:39 | Construir | Mining Camp |
| 12:46 | Crear | Archer |
| 12:48 | Crear | Villager (Male) |
| 13:02 | Investigar | Fletching |
| 13:21 | Crear | Archer |
| 13:36 | Crear | Villager (Male) |
| 13:53 | Construir | House |
| 14:02 | Construir | Farm |
| 14:03 | Construir | Farm |
| 14:04 | Construir | Farm |
| 14:07 | Construir | Farm |
| 14:22 | Construir | Watch Tower |
| 14:24 | Crear | Archer |
| 14:25 | Crear | Villager (Male) |
| 14:45 | Crear | Archer |
| 14:58 | Construir | Farm |
| 15:08 | Crear | Archer |
| 15:21 | Construir | Farm |
| 15:33 | Construir | Farm |
| 15:37 | Crear | Archer |
| 16:09 | Crear | Villager (Male) |
| 16:13 | Construir | Farm |
| 16:14 | Construir | Farm |
| 16:26 | Construir | Palisade Wall |
| 16:30 | Construir | Farm |
| 16:33 | Crear | Villager (Male) |
| 16:51 | Construir | House |
| 16:52 | Construir | House |
| 16:59 | Crear | Villager (Male) |
| 17:04 | Construir | Farm |
| 17:05 | Construir | Farm |
| 17:11 | Construir | Farm |
| 17:25 | Crear | Villager (Male) |
| 17:25 | Crear | Villager (Male) |
| 17:26 | Crear | Villager (Male) |
| 17:48 | Construir | Farm |
| 17:55 | Construir | Farm |
| 17:57 | Construir | Farm |
| 18:20 | Crear | Villager (Male) |
| 18:37 | Construir | Market |
| 18:38 | Construir | House |
| 18:57 | Construir | Watch Tower |
| 19:01 | Crear | Villager (Male) |
| 19:42 | Construir | House |
| 19:49 | Crear | Villager (Male) |
| 20:50 | Construir | Lumber Camp |
| 20:55 | Investigar | Castle Age |
| 21:27 | Investigar | Padded Archer Armor |
| 21:27 | Investigar | Padded Archer Armor |
| 21:30 | Crear | Villager (Male) |
| 21:39 | Construir | Palisade Wall |
| 22:00 | Construir | House |
| 22:21 | Investigar | Gold Mining |
| 22:21 | Investigar | Gold Mining |
| 22:35 | Construir | House |
| 22:37 | Construir | Palisade Wall |
| 23:32 | Construir | Stone Wall |
| 23:33 | Construir | Stone Wall |
| 23:35 | Edad | Edad de los Castillos |
| 23:40 | Construir | Castle |
| 23:44 | Investigar | Bodkin Arrow |
| 23:45 | Investigar | Crossbowman (upgrade) |
| 23:46 | Crear | Villager (Male) |
| 24:04 | Investigar | Bow Saw |
| 24:08 | Crear | Villager (Male) |
| 24:43 | Crear | Villager (Male) |
| 25:07 | Crear | Mangudai |
| 25:16 | Crear | Mangudai |
| 25:25 | Construir | Town Center |
| 25:27 | Crear | Villager (Male) |
| 25:44 | Construir | Lumber Camp |
| 25:47 | Crear | Mangudai |
| 25:51 | Investigar | Leather Archer Armor |
| 25:54 | Crear | Villager (Male) |
| 26:14 | Crear | Villager (Male) |
| 26:18 | Crear | Mangudai |
| 26:28 | Crear | Villager (Male) |
| 26:42 | Crear | Villager (Male) |
| 26:47 | Crear | Mangudai |
| 26:57 | Crear | Villager (Male) |
| 26:57 | Crear | Villager (Male) |
| 27:06 | Crear | Villager (Male) |
| 27:10 | Construir | Siege Workshop |
| 27:17 | Crear | Mangudai |
| 27:17 | Crear | Mangudai |
| 27:39 | Construir | Lumber Camp |
| 27:46 | Crear | Villager (Male) |
| 27:46 | Crear | Villager (Male) |
| 27:48 | Investigar | Town Watch |
| 28:11 | Construir | House |
Cronología de la partida
| 5:54 | 新竹 · wall_segment Palisade Wall x1 |
| 6:26 | 游戏而已 · wall_segment Palisade Wall x1 |
| 6:28 | 游戏而已 · wall_segment Palisade Wall x7 |
| 7:02 | 游戏而已 · first_building Barracks |
| 7:32 | 新竹 · first_building Barracks |
| 7:53 | 游戏而已 · wall_segment Palisade Wall x5 |
| 7:54 | 游戏而已 · wall_segment Palisade Wall x1 |
| 7:56 | 游戏而已 · wall_segment Palisade Wall x3 |
| 8:03 | 游戏而已 · wall_segment Palisade Wall x3 |
| 8:20 | 游戏而已 · age_up feudal |
| 8:27 | 新竹 · age_up feudal |
| 8:40 | 新竹 · wall_segment Palisade Wall x3 |
| 8:49 | 新竹 · wall_segment Palisade Wall x1 |
| 8:52 | 新竹 · wall_segment Palisade Wall x1 |
| 8:54 | 新竹 · wall_segment Palisade Wall x1 |
| 8:55 | 游戏而已 · wall_segment Palisade Wall x1 |
| 9:12 | 游戏而已 · wall_segment Palisade Wall x1 |
| 9:13 | 游戏而已 · wall_segment Palisade Wall x1 |
| 9:16 | 游戏而已 · wall_segment Palisade Wall x1 |
| 9:16 | 游戏而已 · wall_segment Palisade Wall x1 |
| 9:16 | 新竹 · wall_segment Palisade Wall x3 |
| 9:31 | 新竹 · wall_segment Palisade Wall x2 |
| 9:47 | 新竹 · wall_segment Palisade Wall x2 |
| 10:11 | 游戏而已 · wall_segment Palisade Wall x5 |
| 10:13 | 游戏而已 · wall_segment Palisade Wall x8 |
| 10:24 | 游戏而已 · first_building Archery Range |
| 11:26 | 新竹 · wall_segment Palisade Wall x3 |
| 11:27 | 新竹 · wall_segment Palisade Wall x1 |
| 11:28 | 新竹 · wall_segment Palisade Wall x1 |
| 12:37 | 新竹 · wall_segment Palisade Wall x3 |
| 16:26 | 游戏而已 · wall_segment Palisade Wall x1 |
| 17:24 | 新竹 · first_building Archery Range |
| 17:56 | 新竹 · wall_segment Palisade Wall x1 |
| 20:12 | 游戏而已 · first_market_buy 100 food |
| 21:39 | 游戏而已 · wall_segment Palisade Wall x1 |
| 22:37 | 游戏而已 · wall_segment Palisade Wall x1 |
| 23:32 | 游戏而已 · wall_segment Stone Wall x1 |
| 23:33 | 游戏而已 · wall_segment Stone Wall x1 |
| 23:35 | 游戏而已 · age_up castle |
| 23:40 | 游戏而已 · first_building Castle |
| 25:14 | 新竹 · first_market_buy 100 stone |
| 25:47 | 新竹 · wall_segment Stone Wall x2 |
| 26:03 | 新竹 · first_building Stable |
| 26:46 | 新竹 · age_up castle |
| 27:10 | 游戏而已 · first_building Siege Workshop |
| 27:36 | 新竹 · wall_segment Stone Wall x2 |
| 27:37 | 新竹 · wall_segment Stone Wall x2 |
| 27:38 | 新竹 · wall_segment Stone Wall x3 |
| 27:39 | 新竹 · wall_segment Stone Wall x3 |
| 28:09 | 新竹 · first_market_sell 100 stone |
| 28:48 | 游戏而已 · first_building Stable |
| 29:46 | 游戏而已 · first_market_sell 100 wood |
| 31:56 | 游戏而已 · first_building Monastery |
| 38:23 | 新竹 · first_building Castle |
| 38:35 | 游戏而已 · wall_segment Palisade Wall x1 |
| 40:04 | 新竹 · first_building Siege Workshop |
| 42:59 | 新竹 · age_up imperial |
| 43:19 | 游戏而已 · resign |
[ ANÁLISIS IA · 1 CRÉDITO ]
¿Qué pasó realmente en esta partida?
Wolo.gg analiza cada decisión: build order, eco, micro, errores típicos por bracket. Análisis personalizado por WhatsApp o Discord en 30 segundos.
Guía civ
Japoneses
Perfil
Jugador #14547856